 Dungeon Crawl Stone Soup version 0.30-a0-242-g7bf8e6d787 (webtiles) character file.

Game seed: 2403403466808743354

82 koil the Sneak (level 4, 0/22 HPs)
             Began as a Spriggan Enchanter on Oct 12, 2022.
             Killed by divine providence
             ... invoked by an orc priest
              (13 damage)
             ... on level 3 of the Dungeon.
             The game lasted 00:06:26 (1703 turns).

koil the Sneak (Spriggan Enchanter)                 Turns: 1703, Time: 00:06:26

Health: 0/22       AC:  2    Str:  4    XL:     4   Next: 21%
Magic:  4/9        EV: 18    Int: 16    God:
Gold:   146        SH:  0    Dex: 17    Spells: 4/9 levels left

rFire   . . .      SeeInvis +    a - +1 dagger
rCold   . . .      Faith    .    (no shield)
rNeg    . . .      Spirit   .    k - +0 robe
rPois   .          Reflect  .    (helmet restricted)
rElec   .          Harm     .    (no cloak)
rCorr   .          Rampage  .    (gloves unavailable)
Will    .....                    (boots unavailable)
Stlth   +++.......               (no amulet)
HPRegen 0.23/turn                (no ring)
MPRegen 0.11/turn                (no ring)

@: very quick
A: very small, no large weapons, unfitting armour, see invisible, speed 3
a: no special abilities


You were on level 3 of the Dungeon.
You visited 1 branch of the dungeon, and saw 3 of its levels.

You collected 146 gold pieces.

Inventory:

Hand Weapons
 a - a +1 dagger (weapon)
 b - a +3 sling
 h - a +0 whip of electrocution
Armour
 k - a +0 robe (worn)
Jewellery
 i - a ring of willpower
 l - a +6 ring of intelligence
 m - a ring of flight
Scrolls
 e - 2 scrolls of teleportation {unknown}
 g - 4 scrolls of identify {unknown}
 j - 2 scrolls of fear {unknown}
 n - a scroll of torment {unknown}
Potions
 c - 2 potions of invisibility
 d - a potion of ambrosia {unknown}
 f - 3 potions of curing {unknown}


   Skills:
 + Level 1.1 Fighting
 + Level 2.0 Short Blades
 + Level 3.3 Dodging
 + Level 5.2 Stealth
 + Level 3.2 Spellcasting
 + Level 4.1 Hexes


You had 4 spell levels left.
You knew the following spells:

 Your Spells              Type           Power      Damage    Failure   Level
a - Ensorcelled Hibernat  Hex/Ice        18%        N/A       12%         2
b - Confusing Touch       Hex            15%        N/A       10%         3

Your spell library contained the following spells:

 Spells                   Type           Power      Damage    Failure   Level
 Tukima's Dance           Hex            15%        N/A       10%         3
 Dazzling Flash           Conj/Hex       18%        N/A       24%         3
 Frozen Ramparts          Ice            4%         1d1       50%         3
 Ice Form                 Ice/Tmut       2%         N/A       88%         4
 Summon Ice Beast         Ice/Summ       2%         N/A       88%         4


Dungeon Overview and Level Annotations

Branches:
Dungeon (3/15)

Altars:

Shops:
D:1 =


Innate Abilities, Weirdness & Mutations

You are very small and have problems with some larger weapons.
You are too small for most types of armour.
You have supernaturally acute eyesight. (SInv)
You cover ground extremely quickly. (Speed+++)


Message History

The orc is lightly wounded.
The orc priest looks encouraged for a moment.
You hit the orc but do no damage.
The orc is lightly wounded.
The orc barely misses you.
You hit the orc but do no damage.
The orc is lightly wounded.
The orc completely misses you.
You completely miss the orc.
The orc is lightly wounded.
The orc misses you.
You hit the orc but do no damage.
The orc is lightly wounded.
You barely miss the orc.
The orc is lightly wounded.
The orc misses you.
You hit the orc.
The orc is lightly wounded.
You hit the orc but do no damage.
The orc is lightly wounded.
The orc priest calls upon Beogh to heal the orc.
The orc's wounds heal themselves!
The orc misses you.
You hit the orc.
The orc is moderately wounded.
The orc closely misses you.
You hit the orc but do no damage.
The orc is moderately wounded.
The orc barely misses you.
You hit the orc.
The orc is heavily wounded.
You hit the orc. Your punch misses the orc.
The orc is almost dead.
The orc priest looks braver for a moment.
The orc hits you with a +0 mace.
You barely miss the orc.
The orc is almost dead.
The orc priest calls down the wrath of Beogh upon you.
Beogh smites you!
Ouch! That really hurt!
You die...

#o##.# #.#.#
#oo# #.## #. ###
#..# #. #..
#J#.#. #.#
##o##.# #
#.####o#..#.# .#
#.#.##.@##.###..
.# #.#.##.#.#).#
### ##
#.........##.
###.##.#### .#
#.# #.##.# . #.#
#.##.# #. #.#
#.##.# #.#
#.##.# #.#
#######.##.#


You could see an orc priest, an orc and an endoplasm.

Vanquished Creatures
  A gnoll (D:1)
  2 adders (D:3)
  A dart slug (D:3)
  8 endoplasms
  5 giant cockroaches
  8 hobgoblins
  A ball python (D:1)
  4 bats
  A frilled lizard (D:1)
  6 goblins
  4 kobolds
  5 rats
46 creatures vanquished.

Notes
Turn   | Place    | Note
-------+----------+-------------------------------------------
     0 | D:1      | koil the Spriggan Enchanter began the quest for the Orb.
     0 | D:1      | Reached XP level 1. HP: 9/9 MP: 5/5
   161 | D:1      | Reached XP level 2. HP: 14/14 MP: 6/6
   184 | D:1      | Learned a level 2 spell: Ensorcelled Hibernation
   421 | D:1      | Reached XP level 3. HP: 17/17 MP: 5/8
   578 | D:1      | Found Goups's Jewellery Shop.
   717 | D:2      | Reached skill level 5 in Stealth
  1460 | D:3      | Reached skill level 1 in Fighting
  1506 | D:3      | Reached XP level 4. HP: 22/22 MP: 9/9
  1510 | D:3      | Learned a level 3 spell: Confusing Touch
  1703 | D:3      | Killed from afar by an orc priest

Illustrated notes

Levels and vault maps discovered:
D:1:      onia_arrival_pyramid, layout_rooms, serial_shops, shop
D:2:      layout_loops_ring
D:3:      layout_loops_ring

Skill      XL: |  1  2  3  4 |
---------------+-------------+-----
Dodging        | 3 |  3.3
Spellcasting   | 3 |  3.2
Hexes          | 4 |  4.1
Stealth        | 5 |  5.2
Fighting       | 1 |  1.1
Short Blades   | 2 |  2.0

Action                   |  1- 3 |  4- 6 || total
-------------------------+-------+-------++-------
Melee: Dagger            |   117 |    49 ||   166
       Punch             |     1 |       ||     1
 Cast: Ensorcelled Hiber |     3 |     3 ||     6
 Stab: Sleeping          |    10 |     2 ||    12
       Distracted        |     2 |       ||     2
Armor: Robe              |     6 |     3 ||     9
Dodge: Dodged            |    66 |    21 ||    87

Table legend: (Time is in decaauts)
 A = Elapsed time spent in this place.
 B = Non-inter-level travel time spent in this place.
 C = Inter-level travel time spent in this place.
 D = Time resting spent in this place.
 E = Time spent auto-exploring this place.
 F = Levels seen in this place.
 G = Mean time per level.
                   A        B        C        D        E       F      G
               +--------+--------+--------+--------+--------+-----+--------+
         Total |   1199 |   1180 |     19 |     93 |    735 |   3 |  399.7 |
       Dungeon |   1199 |   1180 |     19 |     93 |    735 |   3 |  399.7 |
               +--------+--------+--------+--------+--------+-----+--------+

Top non-repeatable levels by time:
     D:1: 533 daAuts
     D:2: 389 daAuts
     D:3: 275 daAuts
